 Dungeon Crawl Stone Soup version 0.20.0-10-g0535bb4 (webtiles) character file.

10367 Gorglomux the Cleaver (level 11, -4/91 (92) HPs)
             Began as a Demonspawn Berserker on June 4, 2017.
             Was a High Priest of Trog.
             Slain by a white ugly thing (32 damage)
             ... on level 11 of the Dungeon.
             The game lasted 00:09:00 (10548 turns).

Gorglomux the Cleaver (Demonspawn Berserker)       Turns: 10548, Time: 00:09:01

HP:   -4/91 (92)    AC: 17    Str: 17    XL:     11   Next: 35%
MP:   11/11         EV:  8    Int: 10    God:    Trog [*****.]
Gold: 117           SH:  0    Dex: 15    Spells: 10/10 levels left

rFire    . . .     SeeInvis +   q - +0 battleaxe
rCold    . . .     Gourm    .   (shield currently unavailable)
rNeg     . . .     Faith    .   p - +3 plate armour
rPois    +         Spirit   .   w - +1 helmet {SInv}
rElec    .         Reflect  .   (no cloak)
rCorr    .         Harm     .   V - +0 pair of gloves
MR       +....                  (no boots)
Stlth    ..........             r - amulet of regeneration
Regen    0.7/turn               o - ring of poison resistance
MPRegen  0.2/turn               m - ring of protection from magic

@: no status effects
A: hooves 2, powered by pain 2, sturdy frame 2
a: Berserk, Trog's Hand, Brothers in Arms, Burn Spellbooks, Renounce Religion


You were on level 11 of the Dungeon.
You worshipped Trog.
Trog was extremely pleased with you.
You were not hungry.

You visited 1 branch of the dungeon, and saw 11 of its levels.
You also visited: Sewer.

You collected 647 gold pieces.
You spent 530 gold pieces at shops.

Inventory:

Hand Weapons
 q - a +0 battleaxe (weapon)
 C - a +0 war axe
Missiles
 Z - a throwing net (quivered)
Armour
 p - a +3 plate armour (worn)
 w - a +1 helmet of see invisible (worn)
 V - a +0 pair of gloves (worn)
 Y - a +0 chain mail
Jewellery
 f - an uncursed amulet of the gourmand
 m - a ring of protection from magic (right hand)
 o - a ring of poison resistance (left hand)
 r - an amulet of regeneration (around neck)
 s - an uncursed ring of see invisible
 F - an uncursed ring of magical power
Wands
 D - a wand of digging (12/24)
 L - a wand of lightning (5/15)
 O - a wand of clouds (5/9)
Scrolls
 g - 2 scrolls of magic mapping {unknown}
 j - a scroll of silence {unknown}
 x - a scroll of enchant armour {unknown}
 A - a scroll of noise {unknown}
 G - a scroll of amnesia {unknown}
 H - 7 scrolls of teleportation {unknown}
 I - a scroll of recharging {unknown}
 J - 3 scrolls of remove curse {unknown}
 M - 2 scrolls of blinking {unknown}
 P - 2 scrolls of immolation {unknown}
 Q - 3 scrolls of fog {unknown}
 R - 6 scrolls of identify
 X - 2 scrolls of fear {unknown}
Potions
 h - 3 potions of might
 i - 5 potions of agility
 l - 4 potions of curing {unknown}
 t - a potion of haste
 u - 2 potions of brilliance
 v - 2 potions of lignification
 B - 2 potions of flight {unknown}
 K - a potion of resistance
 N - a potion of berserk rage
 S - 2 potions of invisibility
 T - 2 potions of cancellation
 W - 3 potions of mutation {unknown}
Books
 y - a book of Debilitation

   Spells                             Type                      Level
   a - Corona                         Hexes                        1
   b - Slow                           Hexes                        2
   c - Inner Flame                    Hexes/Fire                   3
   d - Portal Projectile              Hexes/Translocation          3
   e - Cause Fear                     Hexes                        4
   f - Leda's Liquefaction            Hexes/Earth                  4
   Trog disapproves of the use of such an item.
Miscellaneous
 U - a box of beasts
Comestibles
 c - 13 bread rations
 k - 10 fruits
 n - 13 chunks of flesh
 z - 6 meat rations
 E - 9 royal jellies


   Skills:
 - Level 10.7 Fighting
 + Level 13.3 Axes
 - Level 1.9 Armour
 - Level 2.0 Dodging


You had 10 spell levels left.
You didn't know any spells.

Dungeon Overview and Level Annotations

Branches:
Dungeon (11/15)            Temple (0/1) D:5
   Lair: D:8-11         Orc: D:9-12

Altars:
Ashenzari
Dithmenos
Fedhas
Gozag
Makhleb
Nemelex Xobeh
Ru
Trog
Uskayaw
Yredelemnul
Zin

Shops:
D:6 =   D:10 !


Innate Abilities, Weirdness & Mutations

You have hoof-like feet.
You sometimes gain power by taking damage.
Your movements are less encumbered by armour. (ER -4)


Message History

The orange demon stings you from afar. The white ugly thing headbutts you!
The white ugly thing freezes you!
The big kobold hits you but does no damage.
The orange demon barely misses you.
You closely miss the white ugly thing. You kick the white ugly thing.
The white ugly thing is moderately wounded.
You barely miss the sun demon.
You hit the big kobold but do no damage.
You barely miss the chaos spawn. The sun demon barely misses you.
The white ugly thing completely misses you.
The big kobold hits you but does no damage.
The chaos spawn barely misses you.
The orange demon stings you but does no damage.
The sun demon hits you but does no damage.
You slash the white ugly thing!
The white ugly thing is heavily wounded.
You closely miss the chaos spawn. You hit the big kobold.
You hit the sun demon. The white ugly thing headbutts you!
The white ugly thing freezes you!!
You die...

#.##.###....[.....)..###
#.##.# #...#####...###
#.##.#####.## #...#
#...........# #...#
###.##.#....# .#
##.##.##.:.#
##.....##(.?#
#.....4..%..##
.....oK@†....#
..?..K3u(....#
......K4...#.#
...........#.#
...........###
........[..#
.........#.#
........<#..


You could see a white ugly thing, a sun demon, an orange demon, a kobold
demonologist, a chaos spawn, 2 big kobolds and an orc.

Vanquished Creatures
  A two-headed ogre (D:10)
  Maurice (D:10)
  The ghost of Nattefrost the Cudgeler, an amateur HOAK of Lugonu (D:3)
  Grinder (D:6)
  4 hippogriffs (D:10)
  3 hogs (D:10)
  14 yaks
  3 wyverns
  A human (D:10)
  2 hungry ghosts
  Purgy (Sewer)
  A phantom (D:11)
  6 orc warriors
  2 sky beasts
  2 black bears
  An ice beast (D:8)
  A necrophage (D:8)
  4 ogres
  7 centaurs
  2 big kobolds
  8 bullfrogs
  5 killer bees (D:11)
  2 howler monkeys (D:5)
  4 crimson imps
  2 centaur zombies
  A bullfrog zombie (D:11)
  3 jellies
  9 orc priests
  A gnoll shaman (D:4)
  6 hounds
  5 orc wizards
  3 centaur skeletons
  4 iguanas
  5 worker ants
  2 hound zombies
  A hound skeleton (D:8)
  A howler monkey skeleton (D:6)
  A howler monkey zombie (D:6)
  A worker ant zombie (D:10)
  8 gnolls
  15 adders
  A shadow imp (D:8)
  An ooze (D:3)
  An adder skeleton (D:4)
  An adder zombie (D:5)
  4 worms
  3 dart slugs
  10 leopard geckos
  31 orcs
  8 giant cockroaches
  10 goblins
  8 hobgoblins
  11 jackals
  8 quokkas
  4 ball pythons
  9 bats
  6 frilled lizards
  14 kobolds
  A quokka skeleton (D:6)
  A quokka zombie (D:9)
  9 rats
286 creatures vanquished.

Notes
Turn   | Place    | Note
-------+----------+-------------------------------------------
     0 | D:1      | Gorglomux the Demonspawn Berserker began the quest for the Orb.
     0 | D:1      | Reached XP level 1. HP: 18/18 MP: 1/1
   290 | D:1      | Reached skill level 3 in Axes
   290 | D:1      | Gained mutation: Your movements are slightly less encumbered by armour. (ER -2) [demonic ancestry]
   290 | D:1      | Reached XP level 2. HP: 14/24 MP: 2/2
   883 | D:2      | Gained mutation: You have large cloven feet. [demonic ancestry]
   883 | D:2      | Reached XP level 3. HP: 30/30 MP: 3/3
   924 | D:2      | Found an opulent altar of Gozag.
   929 | D:2      | Reached ** piety under Trog
  1616 | D:2      | Reached XP level 4. HP: 37/37 MP: 4/4
  1814 | D:2      | Found a basalt altar of Yredelemnul.
  1820 | D:2      | Found a hide-covered altar of Uskayaw.
  2215 | D:3      | Found a glowing drain.
  2266 | Sewer    | Entered a sewer
  2289 | Sewer    | Gained mutation: You sometimes gain a little power by taking damage. [demonic ancestry]
  2289 | Sewer    | Reached XP level 5. HP: 36/43 MP: 5/5
  2304 | Sewer    | Noticed Purgy
  2312 | Sewer    | Killed Purgy
  2312 | Sewer    | Reached skill level 4 in Axes
  2378 | D:3      | Noticed Nattefrost's ghost (amateur HOAK)
  2382 | D:3      | Reached *** piety under Trog
  2388 | D:3      | Killed Nattefrost's ghost
  2388 | D:3      | Reached skill level 6 in Fighting
  2388 | D:3      | Reached skill level 5 in Axes
  2388 | D:3      | Gained mutation: Your movements are less encumbered by armour. (ER -4) [demonic ancestry]
  2388 | D:3      | Reached XP level 6. HP: 52/52 MP: 6/6
  3443 | D:4      | Gained mutation: You have hoof-like feet. [demonic ancestry]
  3443 | D:4      | Reached XP level 7. HP: 50/58 MP: 7/7
  4658 | D:5      | Entered Level 5 of the Dungeon
  4670 | D:5      | Found a staircase to the Ecumenical Temple.
  4687 | D:5      | Noticed a yak
  4689 | D:5      | Noticed a yak
  4689 | D:5      | Noticed a yak
  4697 | D:5      | Killed a yak
  4697 | D:5      | Reached skill level 6 in Axes
  4703 | D:5      | Killed a yak
  4703 | D:5      | Gained mutation: You sometimes gain power by taking damage. [demonic ancestry]
  4703 | D:5      | Reached XP level 8. HP: 67/67 MP: 8/8
  4799 | D:5      | Found a sacrificial altar of Ru.
  4801 | D:5      | Reached **** piety under Trog
  5018 | D:5      | Found a sparkling altar of Nemelex Xobeh.
  5068 | D:5      | Reached skill level 7 in Axes
  5445 | D:5      | Found a shadowy altar of Dithmenos.
  5454 | D:5      | Reached skill level 9 in Fighting
  5980 | D:6      | Reached skill level 8 in Axes
  5980 | D:6      | Reached XP level 9. HP: 68/76 MP: 9/9
  6005 | D:6      | Found a bloodstained altar of Trog.
  6014 | D:6      | Noticed Grinder
  6022 | D:6      | Killed Grinder
  6165 | D:6      | Found Kuwaogal's Jewellery Boutique.
  6285 | D:6      | Bought an uncursed amulet of regeneration for 330 gold pieces
  6415 | D:6      | Reached ***** piety under Trog
  6705 | D:6      | Reached skill level 9 in Axes
  6731 | D:6      | Found a glowing silver altar of Zin.
  7646 | D:7      | Found a blossoming altar of Fedhas.
  7723 | D:7      | Found a shadowy altar of Dithmenos.
  7904 | D:8      | Found a shadowy altar of Dithmenos.
  8297 | D:8      | Found a burning altar of Makhleb.
  8305 | D:8      | Reached XP level 10. HP: 84/85 MP: 10/10
  8591 | D:9      | Found a shattered altar of Ashenzari.
  8705 | D:9      | Received a gift from Trog
  9113 | D:10     | Entered Level 10 of the Dungeon
  9144 | D:10     | Reached skill level 10 in Axes
  9338 | D:10     | Noticed a two-headed ogre
  9347 | D:10     | Killed a two-headed ogre
  9347 | D:10     | Reached skill level 11 in Axes
  9433 | D:10     | Found Qid Baw Jei's Distillery.
  9443 | D:10     | Bought a potion of brilliance for 40 gold pieces
  9443 | D:10     | Bought a potion of degeneration for 10 gold pieces
  9443 | D:10     | Bought a potion of might for 40 gold pieces
  9443 | D:10     | Bought a potion of lignification for 30 gold pieces
  9444 | D:10     | Bought a potion of agility for 40 gold pieces
  9444 | D:10     | Bought a potion of agility for 40 gold pieces
  9578 | D:10     | Reached skill level 12 in Axes
  9615 | D:10     | Noticed Maurice
  9654 | D:10     | Killed Maurice
  9890 | D:10     | Reached XP level 11. HP: 88/91 MP: 11/11
 10310 | D:11     | Found a burning altar of Makhleb.
 10366 | D:11     | Reached skill level 13 in Axes
 10538 | D:11     | Noticed a white ugly thing
 10540 | D:11     | Noticed a sun demon
 10548 | D:11     | Slain by a white ugly thing

Skill      XL: |  1  2  3  4  5  6  7  8  9 10 11 |
---------------+----------------------------------+-----
Axes           | 3 5 6 8 9 12 13 | 13.3
Fighting       | 4 6 7 9 10 | 10.7
Dodging        | 2 |  2.0
Armour         | |  1.9

Action                   |  1- 3 |  4- 6 |  7- 9 | 10-12 || total
-------------------------+-------+-------+-------+-------++-------
Melee: Hand axe          |   135 |   224 |    96 |       ||   455
       Kick              |    24 |    61 |   133 |    88 ||   306
       War axe           |       |       |   317 |    30 ||   347
       Battleaxe         |       |       |       |   268 ||   268
Invok: Berserk           |     2 |     4 |     7 |     7 ||    20
       Burn Spellbooks   |       |       |     2 |       ||     2
       Trog's Hand       |       |       |     1 |     2 ||     3
  Use: Potion            |       |     1 |       |       ||     1
       Scroll            |       |       |     6 |       ||     6
 Stab: Invisible         |       |       |     3 |       ||     3
       Paralysed         |       |       |     2 |       ||     2
  Eat: Chunk             |     3 |     9 |    23 |    15 ||    50
       Royal jelly       |       |       |     1 |       ||     1
       Meat ration       |       |       |       |     1 ||     1
Armor: Animal skin       |     5 |       |       |       ||     5
       Chain mail        |    42 |   143 |   165 |    13 ||   363
       Plate armour      |       |       |       |   267 ||   267
Dodge: Dodged            |    64 |   142 |   196 |   165 ||   567
Block: Other             |       |       |     5 |       ||     5
